 Dungeon Crawl Stone Soup version 0.30-a0-778-g2ef04afb54 (webtiles) character file.

Game seed: 5746624293353356119

1000 Smoke131 the Thrower (level 8, -7/75 HPs)
             Began as an Ogre Gladiator on Feb 15, 2023.
             Mangled by an ice beast (13 damage)
             ... on level 5 of the Dungeon.
             The game lasted 00:13:58 (5992 turns).

Smoke131 the Thrower (Ogre Gladiator)               Turns: 5992, Time: 00:13:58

Health: -7/75      AC:  4    Str: 25    XL:     8   Next: 19%
Magic:  8/8        EV: 10    Int:  9    God:
Gold:   255        SH:  0    Dex: 12    Spells: 7/7 levels left

rFire   . . .      SeeInvis .    l - +2 flail (protect)
rCold   . . .      Faith    .    (no shield)
rNeg    . . .      Spirit   .    b - +0 robe
rPois   .          Reflect  .    c - +0 hat
rElec   .          Harm     .    v - +0 cloak
rCorr   .          Rampage  .    (gloves unavailable)
Will    .....                    (boots unavailable)
Stlth   +                        (no amulet)
HPRegen 0.32/turn                j - ring of flight
MPRegen 0.11/turn                n - +6 ring of strength

@: about to teleport, flying
A: large, unfitting armour, tough skin 1
a: no special abilities


You were on level 5 of the Dungeon.
You visited 1 branch of the dungeon, and saw 6 of its levels.

You collected 255 gold pieces.

Inventory:

Hand Weapons
 l - a +2 flail of protection (weapon)
Missiles
 d - 5 throwing nets
 e - a large rock
 f - 87 stones
 p - 7 poisoned darts (quivered)
Armour
 b - a +0 robe (worn)
 c - a +0 hat (worn)
 v - a +0 cloak (worn)
Jewellery
 j - a ring of flight (left hand)
 n - a +6 ring of strength (right hand)
 s - a ring of willpower
Scrolls
 h - a scroll of enchant armour {unknown}
 m - a scroll of magic mapping
 q - a scroll of silence {unknown}
 r - 3 scrolls of teleportation
 t - a scroll of fear {unknown}
 u - a scroll of enchant weapon {unknown}
 x - a scroll of butterflies {unknown}
 y - a scroll of brand weapon {unknown}
Potions
 a - a potion of brilliance {unknown}
 g - 3 potions of mutation
 i - 2 potions of curing
 k - a potion of lignification
 o - a potion of haste {unknown}
 w - a potion of magic {unknown}
 z - a potion of heal wounds {unknown}


   Skills:
 - Level 3.0 Fighting
 - Level 3.0 Axes
 + Level 9.3 Throwing
 - Level 3.0 Dodging


You had 7 spell levels left.
You didn't know any spells.
Your spell library contained the following spells:

 Spells                   Type           Power      Damage    Failure   Level
 Lesser Beckoning         Tloc           0%         N/A       52%         2
 Static Discharge         Conj/Air       0%         2-2/arc   52%         2
 Gell's Gravitas          Tloc           0%         N/A       77%         3
 Hailstorm                Conj/Ice       0%         3d3       77%         3
 Ignite Poison            Fire/Tmut/Pois 0%         N/A       77%         3
 Teleport Other           Tloc           0%         N/A       77%         3
 Vhi's Electric Charge    Tloc/Air       0%         N/A       77%         3
 Ice Form                 Ice/Tmut       0%         N/A       99%         4
 Manifold Assault         Tloc           0%         N/A       99%         4
 Sticky Flame             Conj/Fire      0%         2d3       99%         4
 Arcjolt                  Conj/Air       0%         1d10      100%        5
 Lightning Bolt           Conj/Air       0%         1d11      100%        5
 Dispersal                Tloc           0%         N/A       100%        6
 Simulacrum               Ice/Necr       0%         N/A       100%        6
 Disjunction              Tloc           0%         N/A       100%        8
 Ignition                 Fire           0%         3d3       100%        8
 Maxwell's Capacitive Co  Air            0%         ∞         100%        8


Dungeon Overview and Level Annotations

Branches:
Dungeon (6/15)
 Temple: D:4-7

Altars:
Cheibriados
Zin

Shops:
D:1 (


Innate Abilities, Weirdness & Mutations

You are too large for most types of armour.
You have tough skin. (AC +1)


Message History

The ufetubus hits you but does no damage.
The ufetubus barely misses you. The ufetubus hits you.
The ufetubus closely misses you.
You hit the ufetubus.
Your weapon exudes an aura of protection.
The ufetubus is moderately wounded.
The ufetubus closely misses you. The ufetubus barely misses you.
The ufetubus misses you.
The ufetubus hits you but does no damage.
You barely miss the ufetubus.
The ufetubus is moderately wounded.
The ufetubus closely misses you. x2; The ufetubus barely misses you. x2
You sock the ufetubus!
You kill the ufetubus!
There is an open door here.
There is a stone staircase leading up, spattered with blood here.
There is a stone staircase leading down, spattered with blood here.
You fly downwards.
The centaur shoots an arrow.
The arrow hits you.
The centaur shoots an arrow.
The arrow hits you.
A centaur comes into view.
The ice beast hits you. The ice beast freezes you.
The centaur shoots an arrow.
The arrow hits you!
The centaur shoots an arrow.
The arrow hits you! The ice beast misses you.
The centaur moves out of view.
You hear a shout!
There is a stone staircase leading up, spattered with blood here.
The centaur shoots an arrow.
The arrow hits you!
The centaur shoots an arrow.
The arrow hits you!
The centaur shoots an arrow.
The arrow hits you!
The centaur shoots an arrow.
The arrow hits you but does no damage. The ice beast hits you.
* * * LOW HITPOINT WARNING * * *
The ice beast freezes you!
* * * LOW HITPOINT WARNING * * *
You fly upwards.
There is a stone staircase leading down, spattered with blood here.
As you read the scroll of teleportation, it crumbles to dust.
You feel strangely unstable. The ice beast closely misses you.
The ice beast attacks as you move away! The ice beast hits you.
* * * LOW HITPOINT WARNING * * *
The ice beast freezes you!
You die...

######## #############
######......# #...........#
.#...#......# #...........#
.)...'......# #...........#
##)..#......# #...........#
######......# #...........#
#....#......# #...........#
#....#......####@..........#
#....'..........Y..........#
######..............########
##...#..............#
.....#..............#
.....#......<...<...# ######
##...#............### #....#
##...#............# #....#
.....#...[.......[# #....#


You could see an ice beast.

Vanquished Creatures
  Sigmund (D:5)
  A water moccasin (D:5)
  A black bear (D:5)
  An ice beast (D:5)
  A necrophage (D:4)
  2 scorpions
  A gnoll bouda (D:4)
  A hound (D:5)
  An orc wizard (D:5)
  12 gnolls
  10 adders
  An ufetubus (D:5)
  2 worms
  3 dart slugs
  8 orcs
  2 ball pythons
  8 endoplasms
  3 giant cockroaches (D:3)
  4 goblins
  7 hobgoblins
  4 jackals (D:5)
  5 quokkas
  2 bats (D:1)
  3 frilled lizards
  5 kobolds
  20 rats
109 creatures vanquished.

Notes
Turn   | Place    | Note
-------+----------+-------------------------------------------
     0 | D:1      | Smoke131 the Ogre Gladiator began the quest for the Orb.
     0 | D:1      | Reached XP level 1. HP: 22/22 MP: 1/1
   151 | D:1      | Reached XP level 2. HP: 31/31 MP: 2/2
   341 | D:1      | Found Deilu's Weapon Emporium.
   866 | D:2      | Reached skill level 3 in Throwing
   866 | D:2      | Reached XP level 3. HP: 37/37 MP: 3/3
  1288 | D:2      | Found a faded altar of an unknown god.
  1356 | D:2      | Reached XP level 4. HP: 40/45 MP: 4/4
  1403 | D:2      | Reached skill level 4 in Throwing
  2096 | D:3      | Found a snail-covered altar of Cheibriados.
  2127 | D:3      | Found a glowing silver altar of Zin.
  2681 | D:3      | Reached XP level 5. HP: 53/53 MP: 5/5
  2913 | D:5      | Entered Level 5 of the Dungeon
  2954 | D:5      | HP: 1/53 [something/magic dart (9)]
  2959 | D:5      | Reached skill level 5 in Throwing
  3376 | D:3      | Reached XP level 6. HP: 44/61 MP: 6/6
  3619 | D:3      | Reached skill level 6 in Throwing
  4334 | D:4      | Reached skill level 7 in Throwing
  4627 | D:5      | Reached XP level 7. HP: 58/67 MP: 7/7
  4856 | D:5      | Noticed Sigmund
  4867 | D:5      | Killed Sigmund
  4868 | D:5      | Reached skill level 8 in Throwing
  5155 | D:5      | Reached skill level 9 in Throwing
  5155 | D:5      | Reached XP level 8. HP: 63/75 MP: 8/8
  5992 | D:5      | Mangled by an ice beast

Illustrated notes

Levels and vault maps discovered:
D:1:      lemuel_arrival_lava_pool, layout_basic, serial_shops,
          nicolae_shop_bloodbath_and_beyond, minmay_liquid_box,
          supply_closet_lemuel
D:2:      layout_loops_ring, shapermc_ecumenical_altar_totnotflames,
          minmay_misc_feat_five, minmay_rat_hole
D:3:      layout_loops_corners, mainiacjoe_overflow_big_doors,
          amcnicky_mini_rare_corridor_liquid
D:4:      layout_basic
D:5:      layout_gridville, uniq_sigmund
D:6:      nicolae_whirlpool, layout_cave_pools, tgw_sif,
          minmay_temple_entry_overgrown

Skill      XL: |  1  2  3  4  5  6  7 |
---------------+----------------------+-----
Fighting       | 3 |  3.0
Dodging        | 3 |  3.0
Throwing       | 3 4 5 7 9 |  9.3
Axes           | |  3.0

Action                     |  1- 3 |  4- 6 |  7- 9 || total
---------------------------+-------+-------+-------++-------
  Melee: War axe           |    92 |   139 |       ||   231
         Flail             |       |    63 |    58 ||   121
         Punch             |       |     1 |     1 ||     2
  Throw: Dart              |     8 |     6 |    19 ||    33
         Large rock        |       |       |     1 ||     1
    Use: Potion            |     1 |     1 |       ||     2
         Scroll            |       |     6 |     2 ||     8
   Stab: Sleeping          |       |     3 |       ||     3
 Armour: Robe              |    25 |    66 |    47 ||   138
  Dodge: Dodged            |    43 |   139 |    70 ||   252

Table legend: (Time is in decaauts)
 A = Elapsed time spent in this place.
 B = Non-inter-level travel time spent in this place.
 C = Inter-level travel time spent in this place.
 D = Time resting spent in this place.
 E = Time spent auto-exploring this place.
 F = Levels seen in this place.
 G = Mean time per level.
                   A        B        C        D        E       F      G
               +--------+--------+--------+--------+--------+-----+--------+
         Total |   6113 |   6007 |    106 |   1064 |   3425 |   6 | 1018.8 |
       Dungeon |   6113 |   6007 |    106 |   1064 |   3425 |   6 | 1018.8 |
               +--------+--------+--------+--------+--------+-----+--------+

Top non-repeatable levels by time:
     D:5: 1653 daAuts
     D:3: 1552 daAuts
     D:2: 1018 daAuts
     D:4: 1003 daAuts
     D:1: 876 daAuts
     D:6: 9 daAuts
